 Dungeon Crawl Stone Soup version 0.25-b1-23-ge2ad7d536c (webtiles) character file.

Game seed: 17259761486075148032, levelgen mode: deterministic

99005 Esekla the Thaumaturge (level 16, -3/111 HPs)
             Began as an Octopode Necromancer on May 30, 2020.
             Was an Initiate of Gozag.
             Slain by Asterion
             ... wielding a +3 vampiric demon trident
              (35 damage)
             ... on level 1 of the Spider Nest.
             The game lasted 05:48:36 (34496 turns).

Esekla the Thaumaturge (Octopode Necromancer)      Turns: 34496, Time: 05:48:36

Health: -3/111     AC:  8    Str:  8    XL:     16   Next: 23%
Magic:  35/42      EV: 22    Int: 31    God:    Gozag
Gold:   6947       SH: 14    Dex: 17    Spells: 10/41 levels left

rFire    + . .     SeeInvis +   l - +9 long sword of Woe {vorpal, rElec rC+ rN+ Int+2}
rCold    + + +     Gourm    .   D - +3 buckler {rN+}
rNeg     + + +     Faith    .   v - +2 hat {MR+}
rPois    +         Spirit   .   L - amulet of reflection (curse)
rElec    +         Reflect  +   d - ring of Moral Flaws {rF+ rN+ Int+2 Dex+2 SInv}
rCorr    .         Harm     .   Q - +4 ring of slaying
MR       ++...                  e - +4 ring of slaying
Stlth    ++++......             S - ring of poison resistance
HPRegen  0.28/turn              P - +4 ring of protection
MPRegen  0.28/turn              U - ring of Ysuamoe {rF- rC++ Int+6 Slay+5}
                                X - ring of magical power
                                E - +4 ring of evasion

@: singing, gold aura, studying Polearms
A: almost no armour, stealthy swim, amphibious, 8 rings, constrict 8, rugged
brown scales 1, camouflage 1, fire resistance 1, robust 1, wild magic 1,
gelatinous body 1
a: Potion Petition, Call Merchant, Bribe Branch, Renounce Religion


You were on level 1 of the Spider Nest.
You worshipped Gozag.
Gozag was greatly pleased with you.
You were not hungry.

You visited 6 branches of the dungeon, and saw 26 of its levels.
You visited 1 bazaar.
You also visited: Ossuary and Gauntlet.

You collected 13434 gold pieces.
You spent 5704 gold pieces at shops.
You paid 783 gold pieces to Gozag.

Inventory:

Hand Weapons
 i - the +7 spear of Modern Guile {vorpal, rPois Str-4 Int+4}
   (You found it on level 6 of the Lair of Beasts)

   It inflicts extra damage upon your enemies.
   It affects your strength (-4).
   It affects your intelligence (+4).
   It protects you from poison.
 l - the +9 long sword of Woe (weapon) {vorpal, rElec rC+ rN+ Int+2}
   (You found it in a Gauntlet)

   It inflicts extra damage upon your enemies.
   It affects your intelligence (+2).
   It protects you from cold.
   It insulates you from electricity.
   It protects you from negative energy.
 q - a +9 vorpal quick blade
 r - the +5 rapier of Uncertain Death {vorpal, rN+ Str+2}
   (You found it on level 10 of the Dungeon)

   It inflicts extra damage upon your enemies.
   It affects your strength (+2).
   It protects you from negative energy.
 t - a +2 long sword of electrocution
 N - a +4 scimitar of flaming
Missiles
 k - 31 poisoned darts (quivered)
 y - 16 silver javelins
Armour
 v - a +2 hat of magic resistance (worn)
 D - a +3 buckler of positive energy (worn)
Jewellery
 d - the ring of Moral Flaws (left tentacle) {rF+ rN+ Int+2 Dex+2 SInv}
   (You bought it in a shop on level 13 of the Dungeon)

   [ring of positive energy]

   It affects your intelligence (+2).
   It affects your dexterity (+2).
   It protects you from fire.
   It protects you from negative energy.
   It lets you see invisible.
 e - a +4 ring of slaying (on tentacle)
 f - an uncursed ring of ice
 E - a +4 ring of evasion (on tentacle)
 L - a cursed amulet of reflection (around mantle)
 P - a +4 ring of protection (on tentacle)
 Q - a +4 ring of slaying (right tentacle)
 S - a ring of poison resistance (on tentacle)
 T - the ring of Qoucval {Wiz Str+2}
   (You bought it in a shop on level 2 of the Orcish Mines)

   [ring of wizardry]

   It improves your spell success rate.
   It affects your strength (+2).
 U - the ring of Ysuamoe (on tentacle) {rF- rC++ Int+6 Slay+5}
   (You found it on level 2 of the Lair of Beasts)

   [ring of intelligence]

   It affects your intelligence (+6).
   It affects your accuracy and damage with ranged weapons and melee attacks
   (+5).
   It makes you vulnerable to fire.
   It greatly protects you from cold.
 X - a ring of magical power (on tentacle)
 Y - an uncursed ring of protection from fire
Wands
 n - a wand of disintegration (32)
 s - a wand of acid (48)
 x - a wand of iceblast (10)
 B - a wand of clouds (10)
 C - a wand of digging (7)
 F - a wand of paralysis (42)
Scrolls
 a - 15 scrolls of remove curse
 c - 8 scrolls of teleportation
 g - 2 scrolls of fear
 m - a scroll of fog
 G - a scroll of identify
 I - a scroll of enchant weapon
 J - a scroll of blinking
 R - a scroll of magic mapping
 Z - a scroll of silence
Potions
 b - a potion of invisibility
 h - 7 potions of might
 j - 3 potions of heal wounds
 o - 5 potions of haste
 p - 6 potions of flight
 u - 3 potions of brilliance
 w - a potion of resistance
 A - a potion of cancellation
 H - a potion of stabbing
 K - 16 potions of curing
 M - 2 potions of berserk rage
 O - 6 potions of lignification
 V - 3 potions of magic
Books
 W - a manual of Polearms
Comestibles
 z - 11 rations


   Skills:
 + Level 5.8 Fighting
 - Level 8.1(9.6) Short Blades
 * Level 8.1(9.6) Long Blades
 - Level 3.3 Throwing
 + Level 6.7 Dodging
 - Level 5.9 Stealth
 - Level 5.4 Shields
 * Level 13.4 Spellcasting
 + Level 6.7 Conjurations
 + Level 6.4 Charms
 + Level 6.8 Summonings
 + Level 7.4 Necromancy
 + Level 3.7 Translocations
 + Level 4.1 Transmutations
 + Level 4.4 Fire Magic
 + Level 6.1 Ice Magic
 + Level 7.5 Air Magic
 - Level 7.6 Poison Magic


You had 10 spell levels left.
You knew the following spells:

 Your Spells              Type           Power        Failure   Level  Hunger
a - Ozocubu's Armour      Chrm/Ice       ######..     1%          3    None
b - Blink                 Tloc           N/A          1%          2    None
c - Mephitic Cloud        Conj/Pois/Air  ######..     1%          3    None
d - Vampiric Draining     Necr           ######....   1%          3    None
e - Summon Lightning Spi  Summ/Air       ######..     2%          4    None
f - Conjure Flame         Conj/Fire      ######..     1%          3    None
g - Shroud of Golubria    Chrm/Tloc      ######       1%          2    None
i - Ignite Poison         Fire/Tmut/Pois ######..     1%          3    None
s - Song of Slaying       Chrm           ######..     1%          2    None
v - Poisonous Vapours     Pois/Air       ######       1%          2    None
x - Olgreb's Toxic Radia  Pois           ######..     2%          4    None

Your spell library contained the following spells:

 Spells                   Type           Power        Failure   Level  Hunger
 Animate Skeleton         Necr           N/A          1%          1    None
 Beastly Appendage        Tmut           ######       1%          1    None
 Infusion                 Chrm           ####         1%          1    None
 Magic Dart               Conj           ####         1%          1    None
 Pain                     Necr           ####         1%          1    None
 Sting                    Tmut/Pois      ####         1%          1    None
 Summon Butterflies       Summ           ######..     1%          1    None
 Summon Small Mammal      Summ           ####         1%          1    None
 Call Imp                 Summ           ######..     1%          2    None
 Sticks to Snakes         Tmut           ######..     1%          2    None
 Call Canine Familiar     Summ           ######..     1%          3    None
 Spider Form              Tmut/Pois      ######....   1%          3    None
 Animate Dead             Necr           N/A          2%          4    None
 Spectral Weapon          Hex/Chrm       ######..     3%          3    None
 Summon Guardian Golem    Hex/Summ       ######..     3%          3    None
 Summon Ice Beast         Ice/Summ       ######..     3%          4    None
 Ice Form                 Ice/Tmut       ######..     4%          4    None
 Agony                    Necr           ######..     5%          5    None
 Slow                     Hex            ####....     6%          2    None
 Fireball                 Conj/Fire      ######....   10%         5    None
 Blade Hands              Tmut           ######....   17%         5    None
 Bolt of Magma            Conj/Fire/Erth ######....   21%         5    None
 Summon Mana Viper        Hex/Summ       ######..     22%         5    None
 Leda's Liquefaction      Hex/Erth       ####......   30%         4    None
 Starburst                Conj/Fire      ######....   43%         6    ####...
 Iron Shot                Conj/Erth      ######....   73%         6    ####...
 Statue Form              Tmut/Erth      #####....    88%         6    ####...
 Ring of Flames           Chrm/Fire      ######....   95%         7    #####..
 Ignition                 Fire           ######....   100%        8    #######
 Dragon's Call            Summ           ######....   100%        9    #######
 Shatter                  Erth           ####......   100%        9    #######


Dungeon Overview and Level Annotations

Branches:
Dungeon (15/15)            Temple (1/1) D:6            Lair (6/6) D:9
 Shoals (0/4) Lair:4       Spider (1/4) Lair:2        Slime (0/5) Lair:6
    Orc (2/2) D:11            Elf (1/3) Orc:2        Vaults (0/5) D:13
 Depths (0/5) D:15        Ossuary (visited)         Gauntlet (visited)

Altars:
Ashenzari
Cheibriados
Dithmenos
Elyvilon
Fedhas
Gozag
Hepliaklqana
Kikubaaqudgha
Makhleb
Nemelex Xobeh
Okawaru
Qazlal
Ru
Sif Muna
Trog
Uskayaw
Vehumet
Wu Jian
Xom
Yredelemnul
Zin
The Shining One

Shops:
D:4 (:   D:6 !   D:10 ?*   D:11 (   D:13 =   D:15 (   Orc:2 =[(=   Lair:1 ?

Annotations:
D:4 3 runed translucent doors, Asparus's ghost, amateur DsNe
Lair:1 3 runed translucent doors, Purph's ghost, journeyman MiBe
Spider:1 Asterion; Josephine
Orc:2 2 transporters, NoobNation's ghost, journeyman DEEE


Innate Abilities, Weirdness & Mutations

You cannot wear most types of armour.
You are very stealthy in the water. (Stealth+)
You are amphibious.
You can wear up to eight rings at the same time.
You can use your tentacles to constrict eight enemies at once.
Your skin changes colour to match your surroundings (Stealth+).
Your rubbery body absorbs attacks. (AC +1, EV +1)
You are partially covered in rugged brown scales. (AC +1, +3% HP)
Your flesh is heat resistant. (rF+)
You are robust. (+10% HP)
Your spells are a little harder to cast, but a little more powerful.


Message History

You feel much better.
You constrict Asterion, but do no damage.
You block Asterion's attack. x2; You block the balrug's attack.
Asterion hits you with a +3 vampiric demon trident!
* * * LOW HITPOINT WARNING * * *
Asterion barely misses you.
Press: ? - help, v - describe, . - travel
Here: Asterion, wielding a +3 vampiric demon trident, wearing a +0 scale mail and wearing a +0 kite shield (heavily wounded, constricted by you, fast)
The floor, spattered with blood.
Unknown command.
You feel much better.
You constrict Asterion, but do no damage.
The balrug hits you with a +0 demon whip!
You are engulfed in flames!
Your icy armour melts away.
You resist.
* * * LOW HITPOINT WARNING * * *
Asterion hits you with a +3 vampiric demon trident!!
You die...
Your body crumbles into a pile of gold.

#...###.....#^...##..#.##
##..........#....#......#
#^....#.##......#.......
##..............#.s.....
#.......................
#^.......?.##......(....
#...###.................
##..# #.....###.....#..
##.# ##.....@Hs........
### #......2...#..$..
##........## #.#.
###...##^.# # #########


You could see Asterion (fast), a balrug (summoned) and a wolf spider.

Vanquished Creatures
  Rupert (D:13)
  An orc warlord (Orc:1)
  2 dire elephants (Lair:6)
  A minotaur (Gauntlet)
  Harold (D:7)
  A yaktaur captain (D:15)
  A rakshasa (D:13)
  9 hydras
  5 centaur warriors
  7 two-headed ogres
  A merfolk avatar (Lair:6)
  4 tengu warriors
  Urug (D:13)
  3 orc high priests (Orc:2)
  A fire crab (Lair:5)
  An unseen horror (D:15)
  6 orc knights
  An orb spider (Spider:1)
  A harpy (Lair:6)
  4 cyclopes
  2 wolf spiders (Spider:1)
  7 deep elf magi
  5 manticores
  An ugly thing (D:12)
  4 orc sorcerers
  10 slime creatures
  A moth of wrath (Spider:1)
  Joseph (D:7)
  7 elephants (Lair:6)
  An eye of devastation (Gauntlet)
  2 centaur zombies (D:13)
  A torpor snail (Lair:5)
  4 gargoyles
  3 black mambas
  2 rime drakes (Lair:6)
  3 centaur skeletons
  8 spiny frogs
  A demonic crawler (Spider:1)
  A kobold demonologist (D:13)
  A tengu conjurer (Gauntlet)
  A yaktaur (D:15)
  An efreet (D:14)
  9 komodo dragons
  6 meliai
  4 polar bears (Lair:6)
  9 trolls
  Grinder (D:6)
  6 jumping spiders
  4 hornets
  A raiju (Gauntlet)
  A wolf spider simulacrum (D:15)
  17 blink frogs
  3 dream sheep (Lair:6)
  17 hippogriffs
  7 redbacks
  A vampire (D:10)
  Sigmund (D:4)
  A tarantella (Spider:1)
  A water elemental (D:12)
  4 wraiths
  A yak (shapeshifter) (D:13)
  31 yaks
  3 wyverns
  A basilisk (D:9)
  16 humans (D:13)
  A golden eye (Gauntlet)
  A hungry ghost (D:12)
  3 vampire mosquitoes
  3 wargs
  Menkaure (D:6)
  2 acid dragons (D:13)
  A soldier ant (D:12)
  10 water moccasins
  9 porcupines
  37 orc warriors
  3 sky beasts
  4 black bears
  An ice beast (D:9)
  5 ogres
  2 eyes of draining (D:12)
  3 phantoms
  32 wolves (Lair:3)
  10 centaurs
  17 crocodiles
  3 big kobolds
  20 bullfrogs
  Blork the orc (D:5)
  8 scorpions
  A wyvern skeleton (D:11)
  24 killer bees
  3 electric eels (D:12)
  7 wights
  5 howler monkeys
  12 crimson imps
  3 bullfrog zombies
  A bullfrog skeleton (D:12)
  6 hounds
  24 orc wizards
  A quasit (D:11)
  25 orc priests
  Crazy Yiuf (D:3)
  3 iguanas
  17 worker ants
  2 lightning spires (Gauntlet)
  A hound zombie (D:6)
  8 mummies (Ossuary)
  3 howler monkey zombies
  3 gnolls (D:8)
  11 adders
  5 shadow imps
  2 adder skeletons
  2 worms (D:2)
  A dart slug (D:2)
  3 leopard geckos
  99 orcs
  3 giant cockroaches
  3 gnoll zombies (Ossuary)
  6 hobgoblins
  3 jackals (D:6)
  4 quokkas
  A ball python (D:1)
  9 bats
  2 frilled lizards
  9 goblins
  3 hobgoblin zombies (Ossuary)
  17 kobolds
  2 kobold zombies (Ossuary)
  A leopard gecko skeleton (D:4)
  A quokka skeleton (D:10)
  8 rats
  A rat zombie (D:8)
787 creatures vanquished.

Vanquished Creatures (collateral kills)
  3 spiny frogs
  A blink frog (Lair:1)
  2 dream sheep (Lair:6)
  3 wights (D:9)
9 creatures vanquished.

Vanquished Creatures (others)
  4 bushes (D:9)
  17 fungi
  36 plants
57 creatures vanquished.

Grand Total: 853 creatures vanquished

Notes
Turn   | Place    | Note
-------+----------+-------------------------------------------
     0 | D:1      | Esekla the Octopode Necromancer began the quest for the
                  | Orb.
     0 | D:1      | Reached XP level 1. HP: 11/11 MP: 3/3
   393 | D:1      | Reached XP level 2. HP: 17/17 MP: 5/5
  1129 | D:1      | Reached XP level 3. HP: 20/22 MP: 4/6
  1136 | D:1      | Learned a level 3 spell: Vampiric Draining
  1396 | D:1      | Reached skill level 1 in Fighting
  2059 | D:2      | Reached XP level 4. HP: 21/28 MP: 3/8
  2499 | D:4      | Found a sparkling altar of Nemelex Xobeh.
  2588 | D:4      | Found Vutoph's Book Shoppe.
  2674 | D:4      | Reached skill level 3 in Spellcasting
  2966 | D:4      | Noticed Sigmund
  2986 | D:4      | Reached XP level 5. HP: 21/33 MP: 0/10
  3307 | D:4      | Found Kiaceud's Weapon Shop.
  3411 | D:4      | Found a runed translucent gate.
  3411 | D:4      | Found a runed translucent gate.
  3415 | D:4      | Found a runed translucent gate.
  3423 | D:4      | Noticed Asparus's ghost (amateur DsNe)
  3473 | D:5      | Entered Level 5 of the Dungeon
  3610 | D:5      | Reached XP level 6. HP: 20/39 MP: 11/11
  3614 | D:5      | Reached skill level 5 in Necromancy
  3874 | D:5      | Gained mutation: You can translocate small distances at
                  | will. [potion of mutation]
  3874 | D:5      | Gained mutation: You are frail. (-10% HP) [potion of
                  | mutation]
  3874 | D:5      | Gained mutation: Your spells are a little harder to cast,
                  | but a little more powerful. [potion of mutation]
  3874 | D:5      | Gained mutation: You are surrounded by a mild repulsion
                  | field. (EV +2) [potion of mutation]
  3877 | D:5      | Lost mutation: You are frail. (-10% HP) [potion of
                  | mutation]
  3877 | D:5      | Lost mutation: You can translocate small distances at will.
                  | [potion of mutation]
  3877 | D:5      | Gained mutation: Scrolls take you a little longer to read.
                  | [potion of mutation]
  3877 | D:5      | Gained mutation: You are agile. (Dex +2) [potion of
                  | mutation]
  3877 | D:5      | Gained mutation: You are partially covered in rugged brown
                  | scales. (AC +1, +3% HP) [potion of mutation]
  3971 | D:5      | Reached skill level 4 in Spellcasting
  4550 | D:5      | Learned a level 2 spell: Poisonous Vapours
  4554 | D:5      | Learned a level 3 spell: Mephitic Cloud
  4698 | D:6      | Noticed Menkaure
  4722 | D:6      | Noticed Blork the orc
  4731 | D:5      | Killed Blork the orc
  4731 | D:5      | Reached XP level 7. HP: 37/46 MP: 4/13
  4848 | D:6      | Noticed Grinder
  4852 | D:6      | Paralysed by Grinder for 5 turns
  4864 | D:6      | Killed Grinder
  4864 | D:6      | Reached skill level 1 in Short Blades
  4864 | D:6      | Reached skill level 1 in Conjurations
  4864 | D:6      | Reached skill level 1 in Air Magic
  4864 | D:6      | Reached skill level 1 in Poison Magic
  4866 | D:6      | Found a staircase to the Ecumenical Temple.
  4878 | Temple   | Entered the Ecumenical Temple
  5168 | Temple   | Became a worshipper of Gozag Ym Sagoz the Greedy
  5998 | D:2      | Found a blossoming altar of Fedhas.
  5998 | D:2      | Found an iron altar of Okawaru.
  5998 | D:2      | Found a sacrificial altar of Ru.
  6276 | D:3      | Found a faded altar of an unknown god.
  6365 | D:3      | Reached XP level 8. HP: 48/52 MP: 0/15
  6555 | D:3      | Found a runed translucent door.
  6556 | D:3      | Noticed Crazy Yiuf
  6831 | D:3      | Killed Crazy Yiuf
  6972 | D:4      | Killed Sigmund
  6972 | D:4      | Reached skill level 5 in Spellcasting
  7291 | D:6      | Found Daraugus's Distillery.
  7404 | D:6      | Bought a potion of mutation for 96 gold pieces
  7404 | D:6      | Bought 2 potions of degeneration for 24 gold pieces
  7404 | D:6      | Bought a potion of heal wounds for 60 gold pieces
  7416 | D:6      | Lost mutation: Scrolls take you a little longer to read.
                  | [potion of mutation]
  7416 | D:6      | Lost mutation: You are surrounded by a mild repulsion
                  | field. (EV +2) [potion of mutation]
  7416 | D:6      | Lost mutation: You are agile. (Dex +2) [potion of mutation]
  7416 | D:6      | Lost mutation: Your spells are a little harder to cast, but
                  | a little more powerful. [potion of mutation]
  7416 | D:6      | Gained mutation: Your flesh is heat resistant. (rF+)
                  | [potion of mutation]
  7416 | D:6      | Gained mutation: Your spells are a little harder to cast,
                  | but a little more powerful. [potion of mutation]
  7416 | D:6      | Gained mutation: You are robust. (+10% HP) [potion of
                  | mutation]
  7574 | D:7      | Noticed Harold
  7583 | D:7      | You fall into a shaft and drop 2 floors!
  7691 | D:9      | Noticed a yak
  7796 | D:9      | Noticed a hippogriff
  7841 | D:9      | Killed a hippogriff
  7920 | D:9      | Noticed a yak
  7921 | D:9      | Noticed a yak
  7922 | D:9      | Noticed a yak
  7922 | D:9      | Noticed a yak
  7922 | D:9      | Noticed a yak
  8062 | D:8      | Found a sand-covered staircase.
  8244 | Ossuary  | Entered an ossuary
  8683 | Ossuary  | Reached XP level 9. HP: 62/62 MP: 17/17
  9090 | D:7      | Learned a level 4 spell: Summon Lightning Spire
  9094 | D:7      | Learned a level 3 spell: Ignite Poison
  9155 | D:8      | Reached skill level 6 in Spellcasting
  9628 | D:4      | Bought a +8 quick blade for 570 gold pieces
  9907 | D:6      | Killed Menkaure
 10412 | D:7      | Reached skill level 5 in Poison Magic
 10578 | D:7      | Noticed Joseph
 11245 | D:7      | Reached skill level 1 in Summonings
 11291 | D:7      | Killed Harold
 11291 | D:7      | Reached skill level 5 in Stealth
 11291 | D:7      | Reached skill level 7 in Spellcasting
 11291 | D:7      | Reached skill level 1 in Transmutations
 11291 | D:7      | Reached skill level 1 in Fire Magic
 11291 | D:7      | Reached XP level 10. HP: 36/71 MP: 5/20
 11477 | D:7      | Killed Joseph
 11608 | D:4      | Bought a book of Battle for 480 gold pieces
 11612 | D:4      | Learned a level 3 spell: Ozocubu's Armour
 11615 | D:4      | Learned a level 2 spell: Shroud of Golubria
 11618 | D:4      | Learned a level 2 spell: Song of Slaying
 11784 | D:8      | Reached skill level 1 in Charms
 12244 | D:8      | Reached skill level 1 in Ice Magic
 12259 | D:8      | Reached skill level 5 in Conjurations
 12529 | D:9      | Reached skill level 5 in Short Blades
 13333 | D:8      | Reached XP level 11. HP: 51/75 MP: 7/22
 13340 | D:8      | Learned a level 2 spell: Blink
 13629 | D:9      | Reached skill level 1 in Shields
 14084 | D:10     | Entered Level 10 of the Dungeon
 14267 | D:10     | Found Erishryosch's Changing Room.
 14279 | D:10     | Noticed a two-headed ogre
 14320 | D:10     | Killed a two-headed ogre
 14345 | D:10     | Reached skill level 5 in Air Magic
 14375 | D:10     | Reached skill level 8 in Spellcasting
 14609 | D:10     | Noticed a two-headed ogre
 14633 | D:10     | Killed a two-headed ogre
 14816 | D:10     | Found Igatizidgh's Magic Scroll Shoppe.
 14854 | D:10     | Bought a scroll of identify for 28 gold pieces
 14854 | D:10     | Bought a scroll of identify for 28 gold pieces
 14854 | D:10     | Bought a scroll of identify for 28 gold pieces
 14856 | D:10     | Identified a scroll of acquirement
 15035 | D:10     | Got a faintly glowing rapier
 15240 | D:9      | Identified the +5 rapier of Uncertain Death {vorpal, rN+
                  | Str+2} (You found it on level 10 of the Dungeon)
 15242 | D:9      | Found a shimmering blue altar of Sif Muna.
 15300 | D:9      | Found a staircase to the Lair.
 15697 | D:9      | Found a shimmering blue altar of Sif Muna.
 15699 | D:9      | Found a shadowy altar of Dithmenos.
 15802 | Lair:1   | Entered Level 1 of the Lair of Beasts
 15913 | Lair:1   | Reached skill level 1 in Translocations
 16016 | Lair:1   | Noticed Purph's ghost (journeyman MiBe)
 16056 | Lair:1   | Noticed a minotaur
 16379 | Lair:1   | Reached XP level 12. HP: 49/81 MP: 11/24
 16509 | Lair:1   | You fall into a shaft and drop 1 floor!
 16648 | Lair:2   | Noticed a four-headed hydra
 16833 | Lair:2   | Noticed an eight-headed hydra
 16978 | Lair:1   | Found a runed translucent gate.
 16978 | Lair:1   | Found a runed translucent gate.
 16978 | Lair:1   | Found a runed translucent gate.
 17281 | D:11     | Found a staircase to the Orcish Mines.
 17356 | D:11     | Found a bloodstained altar of Trog.
 17356 | D:11     | Found Rurghodej's Antique Weapon Boutique.
 17679 | D:12     | Found a flickering gateway to a bazaar.
 17695 | Bazaar   | Entered a bazaar
 17695 | Bazaar   | Found Ibid's General Store.
 17869 | Bazaar   | Found Dihosh's Distillery.
 17880 | Bazaar   | Found Riatam's Jewellery Emporium.
 17888 | Bazaar   | Found Ugrino's Antique Armour Emporium.
 17899 | Bazaar   | Found Coyj's Antique Weapon Boutique.
 17943 | Bazaar   | Bought a cursed amulet of reflection for 324 gold pieces
 17958 | Bazaar   | Bought a glowing falchion for 102 gold pieces
 17983 | Bazaar   | Bought 2 potions of heal wounds for 100 gold pieces
 17983 | Bazaar   | Bought a potion of lignification for 30 gold pieces
 18060 | D:12     | Reached skill level 9 in Spellcasting
 18066 | D:12     | Reached skill level 5 in Summonings
 18441 | D:12     | Noticed a two-headed ogre
 18454 | D:12     | Killed a two-headed ogre
 19423 | D:11     | Noticed a two-headed ogre
 19430 | D:11     | Killed a two-headed ogre
 19948 | D:11     | Reached XP level 13. HP: 41/89 MP: 2/26
 19969 | D:11     | Reached skill level 5 in Charms
 20266 | D:11     | Identified Asmodeus's Incunabulum of the Entourage
 20323 | Orc:1    | Entered Level 1 of the Orcish Mines
 20393 | Orc:1    | Noticed an orc warlord
 20940 | Orc:1    | Killed an orc warlord
 20993 | Orc:1    | Found a bloodstained altar of Trog.
 21426 | Orc:1    | Reached skill level 10 in Spellcasting
 21446 | Orc:1    | Learned a level 3 spell: Conjure Flame
 21451 | Orc:1    | Learned a level 4 spell: Olgreb's Toxic Radiance
 21497 | Orc:2    | Entered Level 2 of the Orcish Mines
 21504 | Orc:2    | Found a bloodstained altar of Trog.
 22503 | Orc:2    | Found Terush's Jewellery Shoppe.
 22503 | Orc:2    | Found Zoures's Weapon Shop.
 22505 | Orc:2    | Found Duloeloh's Antique Armour Shoppe.
 22505 | Orc:2    | Found Udymagga's Jewellery Shop.
 22521 | Orc:2    | Bought a +4 ring of slaying for 1404 gold pieces
 22526 | Orc:2    | Bought an uncursed ring of poison resistance for 240 gold
                  | pieces
 22526 | Orc:2    | Bought the ring of Qoucval {Wiz Str+2} for 494 gold pieces
 22592 | Orc:2    | Found a transporter.
 22602 | Orc:2    | Noticed NoobNation's ghost (journeyman DEEE)
 22622 | Orc:2    | Found a transporter.
 22814 | Orc:2    | Found a staircase to the Elven Halls.
 23137 | Elf:1    | Entered Level 1 of the Elven Halls
 23635 | Lair:2   | Found a hole to the Spider Nest.
 23653 | Lair:2   | Reached skill level 5 in Shields
 23667 | Lair:2   | Reached skill level 5 in Ice Magic
 24076 | Lair:2   | Got a sparkling amber ring
 24083 | Lair:2   | Identified the ring of Ysuamoe {rF- rC++ Int+6 Slay+5} (You
                  | found it on level 2 of the Lair of Beasts)
 24142 | Lair:3   | Reached XP level 14. HP: 96/96 MP: 28/28
 24256 | Lair:3   | Reached skill level 5 in Dodging
 24384 | Lair:3   | Reached skill level 11 in Spellcasting
 25208 | Orc:2    | Bought an uncursed ring of magical power for 240 gold
                  | pieces
 25208 | Orc:2    | Bought an uncursed ring of protection from fire for 300
                  | gold pieces
 25372 | Lair:4   | Found a staircase to the Shoals.
 25920 | Lair:4   | Reached skill level 1 in Throwing
 26343 | Lair:5   | Found a gate leading to a gauntlet.
 26369 | Gauntlet | Entered a Gauntlet
 26369 | Gauntlet | Found a transporter.
 26377 | Gauntlet | Found a transporter.
 26378 | Gauntlet | Found a transporter.
 26402 | Gauntlet | Found a transporter.
 26417 | Gauntlet | Found a transporter.
 26419 | Gauntlet | Found a transporter.
 26442 | Gauntlet | Found a transporter.
 26449 | Gauntlet | Found a transporter.
 26452 | Gauntlet | Noticed an entropy weaver
 26459 | Gauntlet | Found a transporter.
 26467 | Gauntlet | Found a runed translucent door.
 26469 | Gauntlet | Found a transporter.
 26471 | Gauntlet | Found a runed translucent door.
 26474 | Gauntlet | Found a transporter.
 26476 | Gauntlet | Found a transporter.
 26477 | Gauntlet | Found a transporter.
 26498 | Gauntlet | Found a transporter.
 26720 | Gauntlet | Got a steaming tin ring
 26905 | Gauntlet | Identified the +9 long sword of Woe {vorpal, rElec rC+ rN+
                  | Int+2} (You found it in a Gauntlet)
 27097 | Gauntlet | Identified the ring "Zumemi Podea" {rC++ SInv} (You found
                  | it in a Gauntlet)
 27329 | Lair:5   | Reached skill level 1 in Long Blades
 28386 | Lair:6   | Entered Level 6 of the Lair of Beasts
 28612 | Lair:6   | Found a staircase to the Slime Pits.
 28707 | Lair:6   | Reached skill level 12 in Spellcasting
 28997 | Lair:6   | Reached XP level 15. HP: 101/101 MP: 31/31
 29755 | Lair:6   | Got an ancient spear
 30690 | D:13     | Found Cueshriw's Jewellery Shoppe.
 30705 | D:13     | Noticed Urug
 30732 | D:13     | Killed Urug
 30735 | D:13     | Noticed Rupert
 30747 | D:13     | Killed Rupert
 30759 | D:13     | Reached skill level 5 in Fighting
 30783 | D:13     | Found a gate to the Vaults.
 30840 | D:13     | Reached skill level 5 in Long Blades
 30861 | D:13     | Bought the ring of Moral Flaws {rF+ rN+ Int+2 Dex+2 SInv}
                  | for 652 gold pieces
 30861 | D:13     | Bought a +4 ring of protection for 504 gold pieces
 31018 | D:13     | Found an opulent altar of Gozag.
 31491 | D:13     | Identified the +7 spear of Modern Guile {vorpal, rPois
                  | Str-4 Int+4} (You found it on level 6 of the Lair of
                  | Beasts)
 31689 | D:13     | Reached skill level 13 in Spellcasting
 32146 | D:14     | Found a glowing silver altar of Zin.
 33051 | D:15     | Entered Level 15 of the Dungeon
 33205 | D:15     | Reached XP level 16. HP: 90/111 MP: 33/33
 33334 | D:15     | Found Alits's Antique Weapon Shop.
 33915 | D:15     | Found a staircase to the Depths.
 34297 | Spider:1 | Entered Level 1 of the Spider Nest
 34378 | Spider:1 | Noticed Josephine
 34479 | Spider:1 | Noticed Asterion
 34496 | Spider:1 | Slain by Asterion

Illustrated notes

Levels and vault maps discovered:
D:1:      tarquinn_simple_flora_water_c, layout_rooms
D:2:      layout_loops_ring, chequers_temple_overflow_statue_of_worship
D:3:      layout_loops_ring, chequers_ecumenical_altar_simple_redux,
          uniq_crazy_yiuf_cottage
D:4:      layout_cave_pools, nemelex_xobeh_ov_fountains_minmay, serial_shops,
          nicolae_shop_crystal, nicolae_shop_crystal, gammafunk_ghost_split,
          solitary_fountain, minivault_5, uniq_sigmund
D:5:      layout_loops_ring, first_ration
D:6:      layout_basic, minmay_temple_entry_grid, serial_shops,
          nicolae_shop_stone, uniq_grinder, uniq_menkaure, uniq_blork_the_orc
D:7:      layout_cave_pools, serial_park, serial_park_avenue1,
          serial_park_tiny_2, serial_park_tiny_pond, uniq_harold, uniq_joseph
D:8:      layout_loops_corners, enter_ossuary_3
D:9:      layout_small_grid, minitemple, minmay_lair_entry_grove, basic_altar
D:10:     layout_cave_pools, serial_column_ruins, column_ruins_hut,
          column_ruins_hut_pillars, column_ruins_grid_4,
          column_ruins_columns_corner, column_ruins_open_tiny,
          column_ruins_grid_3, serial_shops, shop, nicolae_transmutations_shop
D:11:     layout_rooms, basic_altar, serial_shops, shop, grunt_ogre_cave,
          corexii_leaking_fountain, evilmike_minifort
D:12:     layout_loops_ring, serial_shops, bzr_entry_water, special_room
          [special_room_orc], serial_bayou, serial_bayou_pond_b,
          serial_bayou_shore_a, serial_bayou_ford_a, serial_bayou_lagoon_a
D:13:     minmay_the_grid_triangle_9x9_rhombus_full
          [minmay_the_grid_triangle_9x9_empty,
          minmay_the_grid_triangle_9x9_negative_grid,
          minmay_the_grid_triangle_9x9_zippers_horizontal,
          minmay_the_grid_triangle_9x9_stretched_checkered,
          minmay_the_grid_triangle_9x9_dagger,
          minmay_the_grid_triangle_9x9_empty,
          minmay_the_grid_triangle_9x9_checkered,
          minmay_the_grid_triangle_9x9_prize_top_heavy], layout_basic,
          david_vaults_3, serial_shops, shop, nicolae_gozag_seed_capital
D:14:     layout_long_grid, lemuel_statue_altar
D:15:     grunt_enter_depths_snipers, layout_stronghold,
          chequers_serial_rivers_micro_e, serial_shops, shop
Temple:   eino_temple_scatter_basement
Lair:1:   layout_loops_ring, maelrawn_ghost_gauntlet_escape, grunt_megastairs_5
Lair:2:   layout_misc_corridors, nicolae_spider_entry_tight_spaces,
          grunt_megastairs_4
Lair:3:   layout_loops_ring, grunt_forest_large_clearings,
          infiniplex_staircase_pool
Lair:4:   layout_gridlike, shoals_dummy_entry
Lair:5:   layout_cave_pods, gauntlet_entry_generic
Lair:6:   gammafunk_lair_ancient_temple, layout_big_grid, slime_dummy
Spider:1: layout_spider_delve, uniq_asterion, uniq_josephine, uniq_jorgrun,
          uniq_frances
Orc:1:    layout_caves, basic_altar, minmay_orc_barracks
Orc:2:    grunt_orc_tribal_feast, layout_diamond_mine,
          gammafunk_ghost_berserking_beasts, basic_altar
Elf:1:    minmay_elf_arrival_plus, layout_loops_cross, minmay_elf_annihilation

Skill      XL: |  1  2  3  4  5  6  7  8  9 10 11 12 13 14 15 16 |
---------------+-------------------------------------------------+-----
Stealth        | 3 4 5 |  5.9
Fighting       | 1 2 3 4 5 |  5.8
Spellcasting   | 3 4 5 7 8 9 10 12 13 | 13.4
Necromancy     | 5 6 7 |  7.4
Dodging        | 3 4 5 6 |  6.7
Short Blades   | 1 2 4 5 6 7 8 |  8.1
Conjurations   | 1 2 3 5 6 |  6.7
Air Magic      | 1 3 4 5 6 7 |  7.5
Poison Magic   | 2 4 5 6 7 |  7.6
Summonings     | 1 3 4 5 6 |  6.8
Transmutations | 1 3 4 |  4.1
Fire Magic     | 1 2 3 4 |  4.4
Charms         | 2 3 4 5 6 |  6.4
Ice Magic      | 1 2 3 5 6 |  6.1
Shields        | 3 4 5 |  5.4
Translocations | 2 3 |  3.7
Throwing       | 2 3 |  3.3
Long Blades    | 3 7 8 |  8.1

Action                   |  1- 3 |  4- 6 |  7- 9 | 10-12 | 13-15 | 16-18 || total
-------------------------+-------+-------+-------+-------+-------+-------++-------
Melee: Unarmed           |    59 |       |       |       |       |       ||    59
       Constrict         |    22 |    18 |    54 |    93 |   136 |    12 ||   335
       Tentacles         |     7 |    12 |    54 |   120 |   155 |    17 ||   365
       Dagger            |       |    67 |   187 |       |       |       ||   254
       Quick blade       |       |       |    66 |   726 |   640 |     9 ||  1441
       Rapier            |       |       |       |    14 |       |       ||    14
       Long sword        |       |       |       |       |   192 |    49 ||   241
       Scimitar          |       |       |       |       |       |     2 ||     2
Throw: Dart              |       |       |     6 |    86 |    91 |     8 ||   191
       Boomerang         |       |       |       |    38 |    98 |       ||   136
       Javelin           |       |       |       |       |     8 |       ||     8
 Cast: Pain              |    33 |    14 |       |     2 |       |       ||    49
       Vampiric Draining |       |    13 |    15 |    40 |    51 |     5 ||   124
       Poisonous Vapours |       |     1 |    56 |   121 |   107 |    12 ||   297
       Mephitic Cloud    |       |       |     3 |     5 |    16 |     1 ||    25
       Ozocubu's Armour  |       |       |       |    38 |    68 |     5 ||   111
       Shroud of Golubri |       |       |       |    20 |    10 |       ||    30
       Song of Slaying   |       |       |       |     5 |    30 |     4 ||    39
       Summon Lightning  |       |       |       |     8 |     5 |       ||    13
       Blink             |       |       |       |     3 |     2 |       ||     5
       Conjure Flame     |       |       |       |       |     9 |       ||     9
       Olgreb's Toxic Ra |       |       |       |       |     2 |     1 ||     3
Invok: Call Merchant     |       |       |       |     1 |       |       ||     1
  Use: Scroll            |       |    10 |     8 |    18 |    13 |     1 ||    50
       Potion            |       |     2 |     4 |    11 |     4 |     2 ||    23
 Stab: Sleeping          |     3 |     3 |     8 |    20 |    32 |     4 ||    70
       Confused          |       |       |     4 |     4 |    13 |       ||    21
       Distracted        |       |       |     1 |     4 |     5 |       ||    10
  Eat: Chunk             |     2 |     3 |     2 |       |       |       ||     7
       Ration            |       |     2 |     6 |     9 |    12 |     1 ||    30
Armor: Skin              |    12 |     4 |    17 |    54 |    90 |    10 ||   187
Dodge: Dodged            |    59 |    44 |   148 |   302 |   305 |    39 ||   897
Block: Buckler           |       |       |       |   120 |   387 |    48 ||   555
       Reflection        |       |       |       |     1 |    23 |     2 ||    26
       Rpst.: Long sword |       |       |       |       |    40 |     8 ||    48
       Scimitar          |       |       |       |       |       |     2 ||     2
